Map: Ley Lines

Players

DraGon - Winner!

  • Race: Terran Terran
  • League: Diamond
  • Spawn Location: 7:00

llllllllllll

  • Race: Protoss Protoss
  • League: Diamond
  • Spawn Location: 1:00

VOD

Have the link to the VOD?

Description

Time

  • Played on: Aug. 12, 2025, 10:10 a.m.
  • Length: 6:49
Show
View Real Time Build Order
Export as new Build Order

DraGon Terran - Winner!

Build Orders: Cyclone Opening 

Get SALT Encoding   

  12  0:00  SCV  
  13  0:12  SCV  
  13  0:17  Supply Depot  
  13  0:24  SCV  
  13  0:39  SCV  
  13  0:40  Barracks  
  13  0:44  Refinery  
  13  0:51  SCV  
  13  1:03  SCV  
  13  1:15  SCV  
  13  1:27  Marine, Orbital Command  
  13  1:39  Command Center  
  13  1:51  Factory  
  13  1:53  SCV  
  13  1:58  Refinery  
  13  2:05  SCV  
  13  2:09  Supply Depot  
  13  2:15  Barracks Tech Lab  
  13  2:18  SCV  
  13  2:30  SCV  
  13  2:40  Cyclone  
  13  2:45  Starport  
  13  2:46  SCV  
  13  2:51  Orbital Command  
  13  2:54  Barracks Reactor  
  13  2:58  SCV  
  13  3:10  Barracks  
  13  3:11  SCV  
  13  3:12  Orbital Command, Widow Mine  
  13  3:21  Medivac  
  13  3:23  SCV  
  13  3:27  Supply Depot  
  13  3:34  Widow Mine  
  13  3:35  Marine x2  
  13  3:36  SCV  
  13  3:39  SCV  
  13  3:46  Refinery  
  13  3:49  SCV  
  13  3:51  Starport Tech Lab, SCV  
  13  3:54  Marine x2  
  13  3:55  Siege Tank  
  13  3:58  Supply Depot  
  13  4:03  SCV  
  13  4:04  SCV  
  13  4:09  Banshee  
  13  4:16  Marine  
  13  4:20  Supply Depot, Marine x2  
  13  4:24  SCV x2  
  13  4:28  Siege Tank  
  13  4:34  Supply Depot  
  13  4:44  SCV x2  
  13  4:45  Marine x3  
  13  4:51  Supply Depot  
  13  4:52  Banshee  
  13  4:56  SCV x2  
  13  5:00  Siege Tank  
  13  5:06  Marine x2  
  13  5:07  Marine  
  13  5:08  SCV  
  13  5:12  SCV  
  13  5:20  SCV  
  13  5:24  Marine x3, SCV  
  13  5:30  Supply Depot  
  13  5:32  SCV  
  13  5:33  Siege Tank  
  13  5:35  Banshee  
  13  5:38  SCV  
  13  5:44  SCV, Barracks Tech Lab  
  13  5:45  Barracks  
  13  5:46  Marine  
  13  5:50  Engineering Bay  
  13  5:51  Marine  
  13  6:07  Siege Tank  
  13  6:12  Marine x3  
  13  6:48  Supply Depot  
Show
View Real Time Build Order
Export as new Build Order

llllllllllll Protoss 

Build Orders:  

Get SALT Encoding   

  12  0:00  Probe  
Tags
 
Add a new tag
Caveats
  • Supply blocks, unpowered buildings, or Contaminate may cause inaccurate times.
  • Supply counts are checked every 10 seconds.